 Dungeon Crawl Stone Soup version 0.29-a0-338-g1ff7896281 (webtiles) character file.

Game seed: 17159286586388759450

170865 spaghetti the Warrior (level 18, -11/196 HPs)
             Began as an Ogre Summoner on Apr 19, 2022.
             Was a High Priest of Cheibriados.
             Mangled by a shard shrike simulacrum (70 damage)
             ... on level 2 of the Abyss.
             The game lasted 01:30:06 (34797 turns).

spaghetti the Warrior (Ogre Summoner)              Turns: 34797, Time: 01:30:07

Health: -11/196    AC: 21    Str: 31    XL:     18   Next: 0%
Magic:  31/35      EV:  6    Int: 34    God:    Cheibriados [*****.]
Gold:   990        SH: 16    Dex: 20    Spells: 18/43 levels left

rFire   + + .      SeeInvis .   l - staff of air {!astaff}
rCold   x . .      Faith    .   u - +0 tower shield
rNeg    . . .      Spirit   .   b - +5 fire dragon scales
rPois   .          Reflect  .   (helmet restricted)
rElec   +          Harm     .   (no cloak)
rCorr   .          Rampage  .   (gloves unavailable)
Will    +....                   (boots unavailable)
Stlth   +.........              E - amulet of Jun Jur {RegenMP Dex+3}
HPRegen 0.42/turn               H - ring of wizardry
MPRegen 0.64/turn               z - +4 ring of protection

@: very slow
A: large, unfitting armour, tough skin 1, strong 1, [clumsy 2]
a: Renounce Religion, Bend Time, Temporal Distortion, Slouch, Step From Time


You were on level 2 of the Abyss.
You worshipped Cheibriados.
Cheibriados was extremely pleased with you.
You visited 3 branches of the dungeon, and saw 20 of its levels.
You visited the Abyss 1 time.

You collected 1344 gold pieces.
You spent 354 gold pieces at shops.


Innate Abilities, Weirdness & Mutations

You are too large for most types of armour.
You have tough skin. (AC +1)
Your muscles are strong. (Str +2)
[You are very clumsy. (Dex -4)]


   Skills:
 - Level 16.1 Fighting
 - Level 8.8 Armour
 - Level 2.4 Dodging
 - Level 1.4 Stealth
 - Level 6.0 Shields
 - Level 13.0 Spellcasting
 + Level 15.6 Summonings
 - Level 6.0 Air Magic
 - Level 5.2 Invocations


You had 18 spell levels left.
You knew the following spells:

 Your Spells              Type           Power      Damage    Failure   Level
a - Summon Small Mammal   Summ           100%       N/A       1%          1
b - Call Imp              Summ           91%        N/A       1%          2
c - Call Canine Familiar  Summ           91%        N/A       1%          3
d - Summon Lightning Spi  Summ/Air       97%        N/A       1%          4
e - Summon Cactus Giant   Summ           45%        N/A       2%          6
f - Summon Hydra          Summ           45%        N/A       12%         7
z - Sublimation of Blood  Necr           22%        N/A       14%         2

Your spell library contained the following spells:

 Spells                   Type           Power      Damage    Failure   Level
 Summon Guardian Golem    Hex/Summ       66%        N/A       1%          3
 Animate Armour           Summ/Erth      100%       N/A       3%          4
 Pain                     Necr           88%        1d8       9%          1
 Scorch                   Fire           44%        2d7       14%         2
 Wereblood                Tmut           22%        N/A       14%         2
 Inner Flame              Hex/Fire       22%        N/A       26%         3
 Ozocubu's Armour         Ice            22%        N/A       26%         3
 Portal Projectile        Hex/Tloc       44%        N/A       26%         3
 Cause Fear               Hex            11%        N/A       63%         4
 Flame Wave               Conj/Fire      22%        2d7       63%         4
 Leda's Liquefaction      Hex/Erth       11%        N/A       63%         4
 Petrify                  Tmut/Erth      22%        N/A       63%         4
 Agony                    Necr           22%        N/A       91%         5
 Alistair's Intoxication  Tmut/Pois      14%        N/A       91%         5
 Blade Hands              Tmut           11%        N/A       91%         5
 Borgnjor's Vile Clutch   Necr/Erth      11%        N/A       91%         5
 Excruciating Wounds      Necr           11%        N/A       91%         5
 Irradiate                Conj/Tmut      11%        3d17      91%         5
 Lee's Rapid Deconstruct  Erth           11%        3d9*      91%         5
 Metabolic Englaciation   Hex/Ice        11%        N/A       91%         5
 Eringya's Noxious Bog    Tmut/Pois      11%        N/A       100%        6
 Iron Shot                Conj/Erth      11%        9d3       100%        6
 Simulacrum               Ice/Necr       11%        N/A       100%        6
 Statue Form              Tmut/Erth      14%        N/A       100%        6
 Discord                  Hex            11%        N/A       100%        8

Inventory:

Missiles
 a - 6 boomerangs of dispersal {=f!fthrowing}
 K - 17 poisoned darts (quivered) {throwing}
 M - 13 large rocks {=fthrowing}
Armour
 b - +5 fire dragon scales (worn)
   (You found it on level 12 of the Dungeon)
 e - a +2 robe of cold resistance
   (You took it off Josephine on level 6 of the Lair of Beasts)
 u - a +0 tower shield (worn)
   (You found it on level 3 of the Dungeon)
Magical Staves
 l - a staff of air (weapon) {!astaff}
   (You found it on level 2 of the Dungeon)
 V - a staff of death {!astaff}
   (You found it on level 6 of the Lair of Beasts)
Jewellery
 m - the ring "Niriuscho" {Will+ rCorr Int+5}
   (You took it off a death knight on level 12 of the Dungeon)

   [ring of willpower]

   Int:       It affects your intelligence (+5).
   rCorr:     It protects you from acid and corrosion.
   Will:      It increases your willpower.
 o - the ring of Jaetiomi {rF+ MP+9 Str+5}
   (You took it off a deep elf pyromancer on level 12 of the Dungeon)

   [ring of magical power]

   Str:       It affects your strength (+5).
   rF:        It protects you from fire.
   MP:        It affects your magic capacity (+9).
 v - an amulet of reflection
   (You found it on level 3 of the Dungeon)
 z - a +4 ring of protection (right hand)
   (You found it on level 4 of the Dungeon)
 C - an amulet of faith {!P}
   (You found it on level 4 of the Dungeon)
 E - the amulet of Jun Jur (around neck) {RegenMP Dex+3}
   (You found it on level 12 of the Dungeon)

   [amulet of magic regeneration]

   It increases your rate of magic regeneration.
   Dex:       It affects your dexterity (+3).
 H - a ring of wizardry (left hand)
   (You found it on level 5 of the Dungeon)
 Q - a ring of magical power
   (You found it on level 3 of the Lair of Beasts)
 S - the ring "Gutool" {rPois Int+2 Dex+4}
   (You found it on level 4 of the Lair of Beasts)

   [ring of poison resistance]

   Int:       It affects your intelligence (+2).
   Dex:       It affects your dexterity (+4).
   rPois:     It protects you from poison.
 T - a +6 ring of intelligence
   (You found it on level 4 of the Lair of Beasts)
Wands
 r - a wand of iceblast (4)
   (You found it on level 13 of the Dungeon)
 D - a wand of polymorph (6)
   (You took it off Sigmund on level 5 of the Dungeon)
 I - a wand of flame (9)
   (You found it on level 5 of the Lair of Beasts)
 J - a wand of digging (17)
   (You took it off Duvessa on level 6 of the Dungeon)
 U - a wand of mindburst (2)
   (You found it on level 4 of the Lair of Beasts)
Scrolls
 c - 5 scrolls of silence {!r}
 g - 2 scrolls of teleportation {@r4}
 i - 3 scrolls of amnesia
 n - 5 scrolls of enchant weapon
 p - 2 scrolls of vulnerability {!r!r}
 w - 5 scrolls of magic mapping {!r}
 x - 2 scrolls of fear
 y - 2 scrolls of blinking {!r}
 G - 3 scrolls of fog
 P - a scroll of brand weapon
 Y - 2 scrolls of immolation {unknown}
Potions
 f - 4 potions of brilliance
 h - a potion of haste {forbidden@q3}
 k - 5 potions of mutation {!q}
 t - 6 potions of attraction {!q}
 A - 2 potions of lignification {!q}
 N - 2 potions of might
 O - 3 potions of flight
 X - a potion of invisibility
 Z - 2 potions of cancellation {unknown}
Miscellaneous
 R - a tin of tremorstones (2/2) {throwing}
   (You found it on level 3 of the Lair of Beasts)

Dungeon Overview and Level Annotations

Branches:
Dungeon (13/15)            Temple (1/1) D:6            Lair (6/6) D:10
  Swamp (0/4) Lair:2        Snake (0/4) Lair:4        Slime (0/5) Lair:6
    Orc (0/2) D:9
 Vaults: D:13-14

Altars:
Ashenzari
Cheibriados
Dithmenos
Elyvilon
Fedhas
Gozag
Hepliaklqana
Kikubaaqudgha
Makhleb
Nemelex Xobeh
Okawaru
Qazlal
Ru
Sif Muna
Trog
Uskayaw
Vehumet
Wu Jian
Xom
Yredelemnul
Zin
The Shining One
Jiyva

Shops:
D:2 [   D:10 !   D:13 ?

Annotations:
D:4 2 transporters
Lair:6 1 runed translucent door

# #.# #.# ...
#.# ### .#
#..##h# ...
##..5@## #.#
#..#.Z# #.##
#...D.# ...#
##.#..# ...
#.#...#
#.#.#.#....#
##...#...#...
##.##..#.##...#
# #.##. ##.
##.#.# #


You could see a shard shrike simulacrum (ally target), a friendly eight-headed
hydra (summoned, slow), a friendly warg (summoned) and a friendly white imp
(summoned).


Message History

Your white imp hits the great orb of eyes but does no damage.
The great orb of eyes bites your warg.
Your warg bites the great orb of eyes!
The great orb of eyes dies!
Something hits you. 😕 HP[-11] MP[+1]
You take 11 damage, and now have 175/196 hp.
Something hits you but does no damage. Something completely misses you.
Your warg bites something! 😕 HP[+1] MP[+1]
You block something's attack. Something hits you!
Your warg bites something but does no damage. 😕 HP[-7] MP[+2]
You take 7 damage, and now have 169/196 hp.
Your mp is fully restored (35).
Something hits your warg but does no damage.
Something closely misses your warg.
Your warg barely misses something.
Something hits your warg.
Your warg barely misses something.
Casting: Call Canine Familiar (safe; 1% risk of failure)
Confirm with . or Enter, or press ? or * to list all spells.
You don't know that spell.
Casting: Call Canine Familiar (safe; 1% risk of failure)
Confirm with . or Enter, or press ? or * to list all spells.
An eight-headed hydra appears.
Something hits you but does no damage. Something hits your eight-headed hydra!
Something hits your eight-headed hydra.
Your warg closely misses something. 😕 HP[+1] MP[-7]
You lost 7 mp, and now have 28/35 mp.
Unknown command.
Something hits you. Something hits your warg!
Your warg bites something! 😕 HP[-1] MP[+1]
You take 1 damage, and now have 169/196 hp.
You block something's attack. Something hits you but does no damage.
Your warg bites something.
Your eight-headed hydra barely misses something.
Your eight-headed hydra bites something.
Your eight-headed hydra bites something!
Reactivating autopickup. 😕 HP[+1] MP[+3]
You regained 3 mp, and now have 32/35 mp.
Unknown command. 😕 HP[+1] MP[+1] 😕 HP[+1] MP[+1]
Your eight-headed hydra disappears in a puff of smoke! 😕 HP[+1] MP[+1]
Your mp is fully restored (35). 😕 HP[+1] 😕 HP[+1] 😕 HP[+1] 😕 HP[+1] 😕 HP[+1] 😕 HP[+1] 😕 HP[+1]
You swap places.
A shard shrike simulacrum comes into view. 😕 HP[+2]
You regained 2 hp, and now have 182/196 hp.
Casting: Summon Hydra (dangerous; 12% risk of failure)
Confirm with . or Enter, or press ? or * to list all spells.
An eight-headed hydra appears.
The shard shrike simulacrum claws you.
The shard shrike simulacrum freezes you!!!!
You feel a terrible chill!
Your white imp misses the shard shrike simulacrum. 😮 HP[-81] MP[-6]
You take 81 damage, and now have 101/196 hp.
MASSIVE DAMAGE!! (PAUSE)
You lost 6 mp, and now have 29/35 mp.
Unknown command.
You hit the shard shrike simulacrum.
The shard shrike simulacrum barely misses you.
The shard shrike simulacrum claws you but does no damage. x2
The shard shrike simulacrum claws you!
* * * LOW HITPOINT WARNING * * *
The shard shrike simulacrum freezes you!!
You feel a terrible chill!
* * * LOW HITPOINT WARNING * * *
Your white imp hits the shard shrike simulacrum.
Your white imp freezes the shard shrike simulacrum.
The shard shrike simulacrum completely resists.
Your eight-headed hydra bites the shard shrike simulacrum! x2
Your eight-headed hydra completely misses the shard shrike simulacrum.
Your eight-headed hydra bites the shard shrike simulacrum!
Your eight-headed hydra bites the shard shrike simulacrum.
Your eight-headed hydra bites the shard shrike simulacrum!
Your eight-headed hydra completely misses the shard shrike simulacrum.
Your eight-headed hydra closely misses the shard shrike simulacrum.
The shard shrike simulacrum claws your eight-headed hydra.
The shard shrike simulacrum freezes your eight-headed hydra!!!
Your eight-headed hydra seems to slow down. 😨 HP[-41] MP[+1]
You take 41 damage, and now have 60/196 hp.
MASSIVE DAMAGE!! (PAUSE) Unknown command.
You hit the shard shrike simulacrum.
You block the shard shrike simulacrum's attack.
The shard shrike simulacrum claws you but does no damage.
The shard shrike simulacrum claws you.
* * * LOW HITPOINT WARNING * * *
The shard shrike simulacrum freezes you!!!
You feel a terrible chill!
You die...

Skill      XL: |  1  2  3  4  5  6  7  8  9 10 11 12 13 14 15 16 17 |
---------------+----------------------------------------------------+-----
Fighting       | 1 2 3 4 5 6 7 9 10 12 13 14 16 | 16.1
Spellcasting   | 3 4 5 6 7 9 10 11 13 | 13.0
Air Magic      | 1 2 3 4 5 6 |  6.0
Summonings     | 4 5 6 7 10 13 14 15 | 15.6
Invocations    | 2 4 5 |  5.2
Shields        | 3 6 |  6.0
Dodging        | 2 |  2.4
Armour         | 5 7 8 |  8.8
Stealth        | |  1.4

Action                   |  1- 3 |  4- 6 |  7- 9 | 10-12 | 13-15 | 16-18 || total
-------------------------+-------+-------+-------+-------+-------+-------++-------
Melee: Short sword       |    53 |       |       |       |       |       ||    53
       Unarmed           |     8 |       |       |       |       |       ||     8
       Staff             |    46 |    33 |    77 |   148 |   183 |    20 ||   507
       Punch             |       |     2 |     2 |     2 |       |       ||     6
Throw: Stone             |       |       |     2 |     1 |       |       ||     3
       Javelin           |       |       |       |       |     1 |       ||     1
 Cast: Summon Small Mamm |    32 |    12 |    36 |    35 |    29 |     4 ||   148
       Call Imp          |    13 |    16 |    23 |    35 |    31 |     4 ||   122
       Call Canine Famil |    10 |    16 |    20 |    43 |    44 |     6 ||   139
       Summon Lightning  |       |     3 |    43 |    40 |    26 |       ||   112
       Summon Cactus Gia |       |       |     1 |    60 |    51 |     6 ||   118
       Summon Hydra      |       |       |       |    36 |   115 |    23 ||   174
       Sublimation of Bl |       |       |       |     3 |     7 |       ||    10
Invok: Step From Time    |       |       |       |       |     1 |       ||     1
Evoke: Wand              |       |       |     1 |    19 |    19 |       ||    39
  Use: Scroll            |       |     2 |       |     2 |    25 |     5 ||    34
       Potion            |       |     1 |       |    12 |    13 |     6 ||    32
 Stab: Sleeping          |     4 |       |       |       |       |       ||     4
       Distracted        |     1 |       |     1 |     2 |     4 |     1 ||     9
Armor: Robe              |    46 |    19 |    40 |   146 |    92 |       ||   343
       Skin              |       |       |       |    20 |       |       ||    20
       Fire dragon scale |       |       |       |       |    76 |    67 ||   143
Dodge: Dodged            |    70 |    15 |    58 |   218 |   119 |    18 ||   498
Block: Other             |       |    11 |    14 |       |       |       ||    25
       Reflection        |       |       |     2 |       |       |       ||     2
       Tower shield      |       |       |       |       |   231 |    46 ||   277

Levels and vault maps discovered:
D:1:      wander_arrival_estate, layout_loops_ring, serial_forest,
          infiniplex_forest_lined_1, infiniplex_forest_lined_4_way,
          infiniplex_forest_straight_4, infiniplex_forest_pool,
          infiniplex_forest_lined_ring, infiniplex_forest_lined_room_2,
          infiniplex_forest_lined_2, infiniplex_forest_corner_1
D:2:      layout_loops_corners, serial_shops, shop, minivault_5, minmay_tall_x
D:3:      layout_loops_ring, shapermc_ecumenical_altar_flowoftime, uniq_jessica
D:4:      gammafunk_wand_slinger, layout_basic, hangedman_decor_push
D:5:      minmay_razor_zed, layout_basic, overflow_temple_1_default,
          nicolae_wu_jian_wuxing_cycle, minmay_bent, uniq_sigmund
D:6:      layout_basic, temple_pool_b, uniq_eustachio, uniq_duvessa
D:7:      layout_basic, trog_ov_bears_minmay, serial_glass, glass_columns_c,
          glass_columns_c
D:8:      layout_rooms, mainiacjoe_overflow_brackets,
          lemuel_coloured_pillars_altar, nicolae_ossuary_entry_plus
D:9:      layout_basic, fedhas_altar_1, david_orc_3, serial_curves,
          eino_curves_02, eino_curves_01
D:10:     layout_loops_ring, nicolae_hepliaklqana_monster_ancestors,
          grunt_temple_overflow_cloverleaf, kennysheep_mini_moat,
          david_lair_shrubbed, serial_shops, shop_statue, hangedman_stone_soup,
          solitary_fountain
D:11:     layout_layer_cave, minivault_1
D:12:     minmay_the_grid_triangle_9x9_recursive_3
          [minmay_the_grid_triangle_9x9_zippers_vertical,
          minmay_the_grid_triangle_9x9_empty,
          minmay_the_grid_triangle_9x9_windchime,
          minmay_the_grid_triangle_9x9_prize_special,
          minmay_the_grid_triangle_9x9_swiss_cheese,
          minmay_the_grid_triangle_9x9_pentomino_pain,
          minmay_the_grid_triangle_9x9_checkered,
          minmay_the_grid_triangle_9x9_negative_grid,
          minmay_the_grid_triangle_9x9_descending_squares], layout_loops_ring,
          small_statue_alley_a, hangedman_batty
D:13:     layout_long_grid, serial_shops, shop, uniq_frances, uniq_jorgrun
Temple:   zaba_magenta_temple
Lair:1:   layout_gridlike
Lair:2:   layout_hall_layers, palyth_hydra_swamp_entry, gauntlet_entry_generic
Lair:3:   layout_long_grid
Lair:4:   layout_small_grid, minmay_snake_entry_guardpost_small, basic_altar,
          beast_lair_carwin_2
Lair:5:   layout_hall_layers, portal_ice_cave_entry_ice_simulacra
Lair:6:   grunt_lair_end_beastmaster, layout_loops_ring, slime_altar_2,
          grunt_forest_small_clearings, lemuel_oklob_altar, uniq_josephine
Abyss:2:  base: D:6, evilmike_abyss_exit_14, small_statue_intersection,
          hangedman_abyss_theft, onia_ninara_dug_in_and_dangerous

Notes
Turn   | Place    | Note
-------+----------+-------------------------------------------
     0 | D:1      | spaghetti the Ogre Summoner began the quest for the Orb.
     0 | D:1      | Reached XP level 1. HP: 16/16 MP: 3/3
     0 | D:1      | magus.rc [v1.9.6]
   294 | D:1      | Reached skill level 1 in Fighting
   563 | D:1      | Reached XP level 2. HP: 27/27 MP: 2/5
   566 | D:1      | Learned a level 2 spell: Call Imp
   818 | D:1      | Reached skill level 3 in Spellcasting
  1161 | D:1      | Reached skill level 2 in Fighting
  1711 | D:2      | Reached XP level 3. HP: 30/36 MP: 3/7
  1715 | D:2      | Learned a level 3 spell: Call Canine Familiar
  2555 | D:2      | Found Qocsopsa's Antique Armour Shop.
  2559 | D:2      | You pick up a book of Scorching and begin reading...
  2559 | D:2      | You add the spells Scorch, Flame Wave and Summon Cactus
                  | Giant to your library.
  3075 | D:3      | Reached skill level 3 in Fighting
  3676 | D:3      | Reached XP level 4. HP: 45/45 MP: 2/9
  3791 | D:3      | Found a faded altar of an unknown god.
  3886 | D:3      | Noticed Jessica
  3890 | D:3      | Killed Jessica
  4242 | D:4      | Reached skill level 1 in Air Magic
  4561 | D:4      | Found a transporter.
  4582 | D:4      | You pick up a book of Blood and begin reading...
  4582 | D:4      | You add the spells Sublimation of Blood, Wereblood and
                  | Summon Hydra to your library.
  4586 | D:4      | Learned a level 2 spell: Sublimation of Blood
  4734 | D:4      | Noticed a kobold demonologist
  4757 | D:4      | Reached skill level 4 in Fighting
  4757 | D:4      | Reached XP level 5. HP: 54/54 MP: 3/10
  4904 | D:4      | Found a transporter.
  5033 | D:5      | Entered Level 5 of the Dungeon
  5125 | D:5      | Found an ornate altar of the Wu Jian Council.
  5137 | D:5      | You add the spells Alistair's Intoxication, Borgnjor's Vile
                  | Clutch and Eringya's Noxious Bog to your library.
  5173 | D:5      | Reached skill level 4 in Spellcasting
  5173 | D:5      | Reached skill level 4 in Summonings
  5333 | D:5      | Noticed Sigmund
  5344 | D:5      | Killed Sigmund
  5345 | D:5      | Reached skill level 5 in Fighting
  5345 | D:5      | Reached skill level 2 in Air Magic
  5345 | D:5      | Reached XP level 6. HP: 66/66 MP: 5/12
  5350 | D:5      | Learned a level 4 spell: Summon Lightning Spire
  5468 | D:5      | Noticed a water moccasin
  5589 | D:5      | Killed a water moccasin
  5590 | D:5      | Reached skill level 6 in Fighting
  5590 | D:5      | Reached XP level 7. HP: 27/75 MP: 0/14
  6040 | D:5      | Found a basalt altar of Yredelemnul.
  6060 | D:5      | Reached skill level 5 in Spellcasting
  6087 | D:5      | Reached skill level 7 in Fighting
  6089 | D:5      | Reached skill level 3 in Air Magic
  6253 | D:5      | Reached XP level 8. HP: 77/87 MP: 5/15
  6434 | D:5      | Reached skill level 5 in Summonings
  6879 | D:5      | Reached skill level 8 in Fighting
  7434 | D:6      | Noticed Dowan
  7440 | D:6      | Killed Dowan
  7443 | D:6      | Noticed Duvessa
  7458 | D:6      | Noticed Eustachio
  7460 | D:6      | Killed Duvessa
  7461 | D:6      | Reached skill level 6 in Spellcasting
  7741 | D:6      | Killed Eustachio
  7742 | D:6      | Reached skill level 9 in Fighting
  7742 | D:6      | Reached skill level 4 in Air Magic
  7842 | D:6      | Found a staircase to the Ecumenical Temple.
  7877 | D:6      | Reached XP level 9. HP: 89/98 MP: 7/18
  8020 | Temple   | Entered the Ecumenical Temple
  8085 | Temple   | Learned a level 6 spell: Summon Cactus Giant
  8130 | Temple   | Became a worshipper of Cheibriados the Contemplative
  8819 | D:7      | Reached skill level 6 in Summonings
  8826 | D:7      | Reached skill level 10 in Fighting
  8837 | D:7      | Reached skill level 7 in Spellcasting
  8837 | D:7      | Reached skill level 1 in Invocations
  9122 | D:7      | Found a bloodstained altar of Trog.
  9133 | D:7      | Reached * piety under Cheibriados
  9537 | D:7      | Noticed a nameless horror
  9575 | D:6      | Killed a nameless horror
  9741 | D:7      | Reached skill level 2 in Invocations
  9797 | D:7      | Identified the +1 pair of boots "Faha" {rC++}
  9840 | D:7      | Reached skill level 5 in Air Magic
 10005 | D:7      | Reached XP level 10. HP: 97/111 MP: 11/21
 10077 | D:7      | Reached skill level 11 in Fighting
 10394 | D:8      | Reached skill level 8 in Spellcasting
 10400 | D:7      | Reached ** piety under Cheibriados
 10403 | D:7      | HP: 27/113 [poisoned by a killer bee]
 10408 | D:7      | HP: 21/113 [poisoned by a killer bee]
 10413 | D:7      | HP: 18/113 [poisoned by a killer bee]
 10771 | D:7      | Learned a level 7 spell: Summon Hydra
 10924 | D:8      | Noticed a nameless horror
 10945 | D:7      | Reached skill level 3 in Invocations
 10948 | D:7      | HP: 27/114 [ice beast (10)]
 11265 | D:7      | Killed a nameless horror
 11491 | D:7      | Noticed a nameless horror
 11771 | D:7      | Noticed a nameless horror
 11779 | D:7      | Killed a nameless horror
 11874 | D:7      | Killed a nameless horror
 12162 | D:8      | Found a shimmering blue altar of Sif Muna.
 12238 | D:8      | Found a glowing golden altar of the Shining One.
 12339 | D:9      | Found a staircase to the Orcish Mines.
 12349 | D:9      | Reached *** piety under Cheibriados
 12638 | D:9      | Killed an unseen horror
 12639 | D:9      | Reached skill level 12 in Fighting
 12639 | D:9      | Reached skill level 9 in Spellcasting
 12961 | D:9      | Reached skill level 4 in Invocations
 13149 | D:9      | Found a blossoming altar of Fedhas.
 13315 | D:9      | Reached skill level 7 in Summonings
 13707 | D:9      | Reached **** piety under Cheibriados
 13709 | D:9      | Reached XP level 11. HP: 121/124 MP: 10/24
 13732 | D:9      | HP: 28/124 [killer bee (4)]
 13738 | D:9      | HP: 30/124 [killer bee (5)]
 14296 | D:10     | Entered Level 10 of the Dungeon
 14315 | D:10     | Reached skill level 6 in Air Magic
 14753 | D:10     | Noticed a nameless horror
 14775 | D:10     | Killed a nameless horror
 15143 | D:10     | Found Deovoih's Distillery.
 15164 | D:10     | Bought a potion of curing for 36 gold pieces
 15164 | D:10     | Bought a potion of curing for 36 gold pieces
 15164 | D:10     | Bought a potion of curing for 36 gold pieces
 15164 | D:10     | Bought a potion of heal wounds for 60 gold pieces
 15164 | D:10     | Bought a potion of mutation for 96 gold pieces
 15164 | D:10     | Gained mutation: Your muscles are strong. (Str +2) [potion
                  | of mutation]
 15444 | D:10     | Reached skill level 10 in Spellcasting
 15448 | D:10     | Reached ***** piety under Cheibriados
 15449 | D:10     | Reached skill level 13 in Fighting
 15536 | D:10     | Found a hazy altar of Hepliaklqana.
 15723 | D:10     | Reached skill level 5 in Invocations
 15801 | D:10     | Found a staircase to the Lair.
 15844 | D:10     | Found a glowing silver altar of Zin.
 15906 | D:10     | Found a hide-covered altar of Uskayaw.
 15907 | D:10     | Found an opulent altar of Gozag.
 15907 | D:10     | Found a broken altar of Ashenzari.
 15929 | D:10     | Found a sparkling altar of Nemelex Xobeh.
 15964 | Lair:1   | Entered Level 1 of the Lair of Beasts
 16226 | Lair:1   | You fall into a shaft and drop 1 floor!
 16235 | Lair:2   | Reached skill level 8 in Summonings
 16583 | Lair:2   | Reached skill level 9 in Summonings
 17018 | Lair:2   | Reached skill level 10 in Summonings
 17021 | Lair:2   | Reached XP level 12. HP: 97/136 MP: 9/26
 17025 | Lair:2   | Reached skill level 11 in Spellcasting
 17357 | Lair:2   | You pick up a book of Alchemy and begin reading...
 17357 | Lair:2   | You add the spells Petrify and Irradiate to your library.
 17363 | Lair:2   | Noticed a five-headed hydra
 17369 | Lair:2   | Killed a five-headed hydra
 17701 | Lair:2   | Noticed a seven-headed hydra
 17714 | Lair:2   | Killed a seven-headed hydra
 17731 | Lair:2   | Noticed a four-headed hydra
 17745 | Lair:2   | Killed a four-headed hydra
 17746 | Lair:2   | Reached skill level 11 in Summonings
 18240 | Lair:2   | You pick up a book of Hexes and begin reading...
 18240 | Lair:2   | You add the spells Inner Flame, Cause Fear and Discord to
                  | your library.
 18316 | Lair:2   | Found a staircase to the Swamp.
 18320 | Lair:2   | You pick up a book of Weapons and begin reading...
 18320 | Lair:2   | You add the spells Portal Projectile, Excruciating Wounds
                  | and Blade Hands to your library.
 19319 | Lair:3   | Reached ****** piety under Cheibriados
 19534 | Lair:3   | Reached skill level 12 in Summonings
 19649 | Lair:3   | You pick up a book of Iron and begin reading...
 19649 | Lair:3   | You add the spells Animate Armour and Iron Shot to your
                  | library.
 20090 | Lair:4   | Noticed a death yak
 20090 | Lair:4   | Noticed a death yak
 20090 | Lair:4   | Noticed a death yak
 20090 | Lair:4   | Noticed a death yak
 20093 | Lair:4   | Killed a death yak
 20098 | Lair:3   | Killed a death yak
 20799 | Lair:4   | Found a staircase to the Snake Pit.
 20865 | Lair:4   | Reached skill level 13 in Summonings
 20865 | Lair:4   | Reached XP level 13. HP: 144/144 MP: 10/28
 21238 | Lair:4   | Reached skill level 12 in Spellcasting
 21391 | Lair:4   | Found a bloodstained altar of Trog.
 21422 | Lair:4   | Identified the ring "Gutool" {rPois Int+2 Dex+4}
 22036 | Lair:4   | HP: 36/144 [cane toad (12)]
 24252 | Lair:6   | Entered Level 6 of the Lair of Beasts
 24279 | Lair:6   | Reached skill level 1 in Shields
 24424 | Lair:6   | Reached skill level 14 in Fighting
 24856 | Lair:6   | Noticed Josephine
 24857 | Lair:6   | Reached skill level 2 in Shields
 24861 | Lair:6   | Killed Josephine
 25077 | Lair:6   | Reached skill level 13 in Spellcasting
 25157 | Lair:6   | Reached skill level 3 in Shields
 25159 | Lair:6   | HP: 34/148 [poisoned by a black mamba]
 25164 | Lair:6   | HP: 25/148 [poisoned by a black mamba]
 25169 | Lair:6   | HP: 21/148 [poisoned by a black mamba]
 25174 | Lair:6   | HP: 20/148 [poisoned by a black mamba]
 25565 | Lair:6   | Found a runed translucent door.
 25587 | Lair:6   | Reached skill level 14 in Summonings
 25587 | Lair:6   | Reached XP level 14. HP: 157/157 MP: 5/31
 25704 | Lair:6   | You pick up a book of Winter and begin reading...
 25704 | Lair:6   | You add the spells Ozocubu's Armour, Metabolic Englaciation
                  | and Simulacrum to your library.
 25707 | Lair:6   | Found a viscous altar of Jiyva.
 25708 | Lair:6   | Noticed an acid blob
 25708 | Lair:6   | Noticed an acid blob
 25713 | Lair:6   | Found a staircase to the Slime Pits.
 25828 | Lair:6   | Reached skill level 4 in Shields
 25830 | Lair:6   | Reached skill level 15 in Fighting
 26141 | Lair:6   | HP: 18/159 [boulder beetle (27)]
 26498 | Lair:6   | Reached skill level 5 in Shields
 26979 | Lair:6   | Found an ancient bone altar of Kikubaaqudgha.
 27580 | D:11     | You pick up a book of Pain and begin reading...
 27580 | D:11     | You add the spells Pain and Agony to your library.
 27591 | D:11     | Reached skill level 16 in Fighting
 27591 | D:11     | Reached skill level 2 in Dodging
 28145 | D:11     | Reached skill level 6 in Shields
 29595 | D:12     | Identified the +4 whip "Rotruit" {vorpal, +Blink Str+3}
 29603 | D:12     | You pick up a book of the Earth and begin reading...
 29603 | D:12     | You add the spells Leda's Liquefaction, Lee's Rapid
                  | Deconstruction and Statue Form to your library.
 30101 | D:12     | HP: 33/162 [six-headed hydra (11)]
 30108 | D:12     | HP: 33/162 [centaur (4)]
 30586 | D:12     | Identified the ring "Niriuscho" {Will+ rCorr Int+5}
 31477 | D:12     | Reached skill level 15 in Summonings
 31826 | D:12     | Identified the ring of Jaetiomi {rF+ MP+9 Str+5}
 32135 | D:12     | Identified the amulet "Unwiustre" {RegenMP Rampage}
 32148 | D:12     | Identified the amulet of Jun Jur {RegenMP Dex+3}
 32315 | D:13     | Noticed Frances
 32325 | D:13     | Killed Frances
 32471 | D:13     | Found Jutenext's Magic Scroll Boutique.
 33066 | D:13     | Bought a scroll of enchant armour for 90 gold pieces
 33183 | D:13     | Reached XP level 15. HP: 170/170 MP: 7/32
 33186 | D:13     | You are cast into the Abyss!
 33186 | D:13     | Cast into level 2 of the Abyss (a wizard)
 33264 | Abyss:2  | Noticed a dread lich
 33275 | Abyss:2  | Killed a dread lich
 33374 | Abyss:2  | Noticed a daeva
 33378 | Abyss:2  | Noticed a tentacled starspawn
 33672 | Abyss:2  | HP: 35/170 [something (14)]
 33680 | Abyss:2  | Identified 3 potions of experience
 33680 | Abyss:2  | Reached skill level 5 in Armour
 33680 | Abyss:2  | Reached XP level 16. HP: 55/179 MP: 29/33
 33681 | Abyss:2  | Reached skill level 7 in Armour
 33681 | Abyss:2  | Reached XP level 17. HP: 58/187 MP: 30/34
 33682 | Abyss:2  | Reached skill level 8 in Armour
 33682 | Abyss:2  | Reached XP level 18. HP: 61/196 MP: 31/35
 33893 | Abyss:2  | HP: 37/196 [ironbound thunderhulk/+0 great mace[a
                  | worldbinder] (15)]
 34078 | Abyss:2  | Noticed a bone dragon
 34087 | Abyss:2  | HP: 48/196 [bone dragon (14)]
 34115 | Abyss:2  | HP: 49/196 [large abomination (23)]
 34797 | Abyss:2  | Mangled by a shard shrike simulacrum

Vanquished Creatures
  A hydra (Lair:2)
  2 cane toads
  A komodo dragon (Lair:2)
  5 nameless horrors
  A polar bear (Lair:6)
  A neqoxec (Abyss:2)
  A water moccasin (Lair:5)
  Duvessa (D:6)
  An orc warrior (D:7)
  A sky beast (D:7)
  A black bear (D:7)
  2 wolves (Lair:3)
  A phantom (D:12)
  2 bullfrogs
  A killer bee (D:8)
  An iron imp (Abyss:2)
  A gnoll shaman (D:7)
  An adder (D:5)
  A gnoll (D:9)
  A shadow imp (D:7)
  A dart slug (D:1)
  2 orcs
  3 bats
  4 endoplasms
  A giant cockroach (D:2)
  4 hobgoblins (D:1)
  A quokka (D:2)
  A ball python (D:2)
  A frilled lizard (D:1)
  3 kobolds
  3 rats
51 creatures vanquished.

Vanquished Creatures (collateral kills)
  A dread lich (Abyss:2)
  2 tentacled starspawn (Abyss:2)
  Frances (D:13)
  A fire dragon (D:12)
  Josephine (Lair:6)
  A great orb of eyes (Abyss:2)
  6 hydras
  3 boulder beetles
  An ogre mage (D:12)
  A death knight (D:12)
  A catoblepas (Lair:6)
  4 two-headed ogres
  A deep troll shaman (Lair:6)
  7 death yaks
  2 thrashing horrors (Abyss:2)
  2 slime creatures (D:12)
  A wretched star (Abyss:2)
  2 sixfirhies (Abyss:2)
  A wizard (D:12)
  A deep elf pyromancer (D:12)
  An oklob plant (Lair:6)
  A large abomination (Abyss:2)
  2 cyclopes
  An ugly thing (D:13)
  6 elephants
  3 manticores
  2 worldbinders (Abyss:2)
  12 nameless horrors
  4 black mambas
  15 cane toads
  An orange demon (Abyss:2)
  A smoke demon (Abyss:2)
  A gargoyle (D:11)
  7 unseen horrors
  A demonic crawler (Abyss:2)
  8 komodo dragons
  A hellwing (Abyss:2)
  A rime drake (Lair:4)
  A tormentor (Abyss:2)
  An ancient zyme (Abyss:2)
  A merfolk (D:10)
  8 trolls
  5 polar bears
  5 raiju (Abyss:2)
  5 dream sheep (Lair:6)
  15 blink frogs (Lair:6)
  A blink frog (shapeshifter) (Abyss:2)
  A centaur simulacrum (D:12)
  Sigmund (D:5)
  2 flying skulls (Abyss:2)
  2 shadows
  6 wyverns
  A vampire (D:12)
  A ynoxinul (Abyss:2)
  Eustachio (D:6)
  36 yaks
  8 wraiths
  7 vampire mosquitoes
  5 basilisks
  A human (D:10)
  A chaos spawn (Abyss:2)
  A neqoxec (Abyss:2)
  2 death yak simulacra (Lair:5)
  A swamp worm (Lair:2)
  An acid dragon (D:10)
  4 nagas (Lair:4)
  14 water moccasins
  5 ice beasts
  2 orc warriors
  2 black bears
  2 sky beasts
  16 wolves
  2 ogres
  4 centaurs
  3 phantoms
  3 small abominations (Abyss:2)
  2 gnoll sergeants
  14 bullfrogs
  6 scorpions (D:5)
  2 cane toad simulacra (Lair:5)
  3 necrophages
  16 wights
  Dowan (D:6)
  An elephant simulacrum (Lair:5)
  9 killer bees
  A quasit (Abyss:2)
  4 hounds
  An iron imp (Abyss:2)
  3 jellies
  An orc priest (D:7)
  A gnoll shaman (D:7)
  Jessica (D:3)
  2 iguanas
  6 orc wizards
  22 gnolls
  10 adders
  A shadow imp (D:5)
  7 white imps
  2 ufetubi
  A worm (D:5)
  3 dart slugs
  21 orcs
  8 bats
  2 endoplasms
  A giant cockroach (D:2)
  6 hobgoblins
  3 quokkas
  4 ball pythons
  A frilled lizard (D:1)
  7 kobolds
  2 rats
  A spectral hobgoblin (D:10)
461 creatures vanquished.

Vanquished Creatures (others)
  A deep elf pyromancer (D:12)
  A cyclops (D:12)
  A manticore (D:12)
  A vampire mosquito (D:10)
  A warg (D:9)
  An orc wizard (D:10)
  An orc (D:10)
  32 fungi
  75 plants
  4 starspawn tentacles (Abyss:2)
118 creatures vanquished.

Grand Total: 630 creatures vanquished

Table legend:
 A = Non-vault XP
 B = Vault XP
 C = Vault XP percentage of total XP
 D = Non-vault monster count
 E = Vault monster count
 F = Vault count percentage of total count
                 A         B        C        D         E       F
            +---------+---------+-------+---------+---------+-------
      Total |   59183 |   27474 |  31.7 |     381 |     116 |  23.3
            +---------+---------+-------+---------+---------+-------
        D:1 |      27 |       0 |   0.0 |      16 |       0 |   0.0
        D:2 |      37 |       6 |  14.0 |      14 |       4 |  22.2
        D:3 |      17 |      37 |  68.5 |      10 |       1 |   9.1
        D:4 |      75 |       0 |   0.0 |      10 |       0 |   0.0
        D:5 |     512 |    1067 |  67.6 |      21 |      22 |  51.2
        D:6 |     925 |     422 |  31.3 |      15 |       3 |  16.7
        D:7 |    2519 |     247 |   8.9 |      45 |       2 |   4.3
        D:8 |     199 |       0 |   0.0 |       7 |       0 |   0.0
        D:9 |    3146 |     324 |   9.3 |      25 |       7 |  21.9
       D:10 |    2112 |     929 |  30.5 |      17 |       7 |  29.2
       D:11 |    4630 |       0 |   0.0 |      11 |       0 |   0.0
       D:12 |    4470 |    8953 |  66.7 |       9 |      28 |  75.7
       D:13 |    2312 |    1511 |  39.5 |       4 |       1 |  20.0
     Lair:1 |     842 |       0 |   0.0 |       3 |       0 |   0.0
     Lair:2 |    8606 |    2644 |  23.5 |      32 |       5 |  13.5
     Lair:3 |    4685 |       0 |   0.0 |      24 |       0 |   0.0
     Lair:4 |    6671 |    1246 |  15.7 |      16 |       8 |  33.3
     Lair:5 |    6801 |     580 |   7.9 |      28 |       5 |  15.2
     Lair:6 |   10597 |    9508 |  47.3 |      34 |      22 |  39.3
    Abyss:2 |       0 |       0 |   N/A |      40 |       1 |   2.4
            +---------+---------+-------+---------+---------+-------

Illustrated notes

Table legend:
 A = Kills in this place as a percentage of kills in entire the game.
 B = Kills by you in this place as a percentage of kills by you in the entire game.
 C = Kills by friends in this place as a percentage of kills by friends in the entire game.
 D = Other kills in this place as a percentage of other kills in the entire game.
 E = Experience gained in this place as a percentage of experience gained in the entire game.
 F = Experience gained in this place divided by the number of levels of this place that you have seen.
                   A       B       C       D       E      F
               +-------+-------+-------+-------+-------+----------------------
         Total | 100.0 | 100.0 | 100.0 | 100.0 | 100.0 | 4126.5
       Dungeon |  56.1 |  76.1 |  53.9 | 100.0 |  39.8 | 2652.1
          Lair |  35.6 |  19.6 |  37.4 |   0.0 |  60.2 | 8696.7
         Abyss |   8.2 |   4.3 |   8.7 |   0.0 |   0.0 |   0.0
               +-------+-------+-------+-------+-------+----------------------

Table legend: (Time is in decaauts)
 A = Elapsed time spent in this place.
 B = Non-inter-level travel time spent in this place.
 C = Inter-level travel time spent in this place.
 D = Time resting spent in this place.
 E = Time spent auto-exploring this place.
 F = Levels seen in this place.
 G = Mean time per level.
                   A        B        C        D        E       F      G
               +--------+--------+--------+--------+--------+-----+--------+
         Total |  42232 |  40244 |   1988 |   9654 |  25843 |  21 | 2011.0 |
       Dungeon |  25441 |  24625 |    816 |   4662 |  17189 |  13 | 1957.0 |
        Temple |    132 |    111 |     21 |      0 |     53 |   1 |  132.0 |
          Lair |  14766 |  13616 |   1150 |   4113 |   8256 |   6 | 2461.0 |
         Abyss |   1892 |   1892 |      0 |    879 |    344 |   1 | 1892.0 |
               +--------+--------+--------+--------+--------+-----+--------+

Top non-repeatable levels by time:
    D:12: 4961 daAuts
  Lair:6: 3942 daAuts
     D:7: 2977 daAuts
  Lair:4: 2858 daAuts
  Lair:2: 2842 daAuts
  Lair:3: 2720 daAuts
    D:11: 2455 daAuts
     D:5: 2435 daAuts
     D:9: 2147 daAuts
    D:10: 2075 daAuts
 Abyss:2: 1892 daAuts
  Lair:5: 1844 daAuts
     D:6: 1672 daAuts
     D:2: 1604 daAuts
     D:1: 1320 daAuts
